 Dungeon Crawl Stone Soup version 0.27-a0-1105-g946c659c87 (webtiles) character file.

Game seed: 12868467099295141564

6233 robertstho the Covert (level 10, -5/106 HPs)
             Began as an Octopode Berserker on Apr 29, 2021.
             Was an Elder of Trog.
             Killed by divine providence
             ... invoked by an orc priest
              (14 damage)
             ... on level 9 of the Dungeon.
             The game lasted 00:16:45 (11276 turns).

robertstho the Covert (Octopode Berserker)         Turns: 11276, Time: 00:16:45

Health: -5/106     AC:  1    Str: 23    XL:     10   Next: 92%
Magic:  10/10      EV: 15    Int:  9    God:    Trog [****..]
Gold:   371        SH: 10    Dex: 15    Spells: 9/9 levels left

rFire    + . .     SeeInvis .   p - +0 dagger (venom)
rCold    . . .     Faith    .   j - +0 kite shield
rNeg     . . .     Spirit   .   (helmet restricted)
rPois    .         Reflect  .   (no amulet)
rElec    .         Harm     .   b - ring of protection from fire
rCorr    +         Rampage  .   e - ring of resist corrosion
Will     .....                  z - +6 ring of strength
Stlth    ..........             (no ring)
HPRegen  0.27/turn              (no ring)
MPRegen  0.12/turn              (no ring)
                                (no ring)
                                (no ring)

@: berserking, lethally poisoned (-5 -> -11), lit by a corona, glowing, very
quick
A: almost no armour, amphibious, 8 rings, camouflage 1, gelatinous body 1,
(nimble swimmer 1), tentacles
a: Renounce Religion, Berserk, Trog's Hand, Brothers in Arms


You were on level 9 of the Dungeon.
You worshipped Trog.
Trog was greatly pleased with you.
You visited 1 branch of the dungeon, and saw 9 of its levels.
You also visited: Sewer and Bailey.

You collected 499 gold pieces.
You spent 128 gold pieces at shops.

Inventory:

Hand Weapons
 a - a +0 short sword
 g - the +4 arbalest of Deformation {speed, Stlth+}
   (You took it off a gnoll in a bailey)

   Attacks with this weapon are significantly faster.
   It makes you more stealthy.
 l - a +0 morningstar of protection
 p - a +0 dagger of venom (weapon)
 E - the +7 mace of Variability {chain chaos}
   (You found it on level 8 of the Dungeon)

   Each time it hits an enemy it has a different, random effect.
Missiles
 k - 23 bolts
 q - a throwing net
 C - 2 atropa-tipped darts
 G - a curare-tipped dart
Armour
 j - a +0 kite shield (worn)
Jewellery
 b - a ring of protection from fire (left tentacle)
 e - a ring of resist corrosion (right tentacle)
 z - a +6 ring of strength (on tentacle)
 D - a ring of flight
Wands
 y - a wand of paralysis (5)
 A - a wand of flame (28)
Scrolls
 h - a scroll of vulnerability
 m - a scroll of brand weapon {unknown}
 n - a scroll of fear {unknown}
 o - 2 scrolls of enchant armour
 r - 3 scrolls of teleportation
 t - 2 scrolls of enchant weapon {unknown}
 u - 2 scrolls of noise {unknown}
 B - a scroll of blinking
 F - a scroll of silence {unknown}
Potions
 c - 8 potions of flight
 d - 7 potions of curing
 f - 3 potions of haste {unknown}
 i - 2 potions of magic
 s - 2 potions of heal wounds
 v - a potion of berserk rage {unknown}
 w - a potion of might {unknown}
 x - a potion of attraction


   Skills:
 * Level 7.6 Fighting
 + Level 6.4 Short Blades
 + Level 2.1 Maces & Flails
 * Level 8.7 Dodging
 * Level 12.4 Stealth
 + Level 5.0 Shields
 + Level 0.2 Evocations


You had 9 spell levels left.
You didn't know any spells.
Your spell library was empty.

Dungeon Overview and Level Annotations

Branches:
Dungeon (9/15)             Temple (0/1) D:4           Sewer (visited)
 Bailey (visited)
   Lair: D:8-11         Orc: D:9-12

Altars:
Cheibriados
Elyvilon
Gozag
Makhleb
Wu Jian
Xom

Shops:
D:1 (   D:2 !   D:4 [(*?:


Innate Abilities, Weirdness & Mutations

You cannot wear most types of armour.
You are amphibious.
You can wear up to eight rings at the same time.
Your skin changes colour to match your surroundings (Stealth+).
Your rubbery body absorbs attacks. (AC +1, EV +1)
((You are camouflaged near water. (Stealth+)))
You have tentacles for arms and can constrict up to eight enemies at once.


Message History

Trog accepts your kill. You block the orc priest's attack.
You hit the gnoll but do no damage.
The gnoll is poisoned.
Your grab misses the gnoll.
The orc warrior hits you from afar with a +1 trident of venom!
* * * LOW HITPOINT WARNING * * *
You are poisoned.
You block the gnoll shaman's attack. The orc priest barely misses you.
You puncture the gnoll! Your grab misses the gnoll.
Your squeeze misses the gnoll.
The gnoll is almost dead.
You feel very sick. The gnoll closely misses you.
You block the orc warrior's attack. The gnoll shaman misses you.
You puncture the gnoll!
You feel the power of Trog in you as your rage grows.
You kill the gnoll!
Trog accepts your kill.
You feel sick. The orc priest barely misses you.
You completely miss the gnoll shaman. Your grab misses the gnoll shaman.
You feel sick. You block the orc warrior's attack.
The gnoll shaman completely misses you.
You hit the gnoll shaman.
The gnoll shaman is poisoned.
You grab the gnoll shaman.
The gnoll shaman is moderately wounded.
You constrict the gnoll shaman.
You feel sick. You block the orc priest's attack.
You hit the gnoll shaman.
The gnoll shaman looks even sicker.
The gnoll shaman is heavily wounded.
You constrict the gnoll shaman.
You feel sick. You block the orc warrior's attack.
The gnoll shaman hits you with a +0 club!
* * * LOW HITPOINT WARNING * * *
You release your grip on the gnoll shaman.
You feel sick.
You feel a strong urge to attack something.
You feel sick.
The orc priest mumbles some strange prayers to Beogh against you.
Beogh smites you!
You die...

#.# ##.#
##..#
#...##
#....#
#..#..#
#..###.##
#..# #..#
#..#
#)@## #.#
##..# .#
#.g#
##).o.#
#.o......
##.......
.......
.......
.......


You could see a gnoll shaman (very poisoned) and an orc priest.

Vanquished Creatures
  A hydra (D:8)
  2 orc knights (Bailey)
  Sigmund (D:2)
  A wyvern (D:8)
  Eustachio (D:4)
  3 chaos spawn (D:8)
  4 water moccasins
  Duvessa (D:7)
  2 sky beasts
  8 orc warriors
  2 necrophages (D:7)
  2 ogres
  A phantom (D:4)
  A centaur (D:8)
  2 kobold brigands
  2 bullfrogs (D:7)
  A scorpion (D:5)
  2 jellies
  Dowan (D:7)
  A wyvern zombie (D:9)
  11 killer bees
  4 water moccasin skeletons
  2 bullfrog zombies (D:6)
  A hound (D:6)
  2 bullfrog skeletons (D:4)
  3 orc priests
  2 centaur skeletons (D:6)
  Jessica (D:2)
  5 iguanas
  4 orc wizards
  A killer bee zombie (D:6)
  A mummy (D:3)
  13 gnolls
  9 adders
  A shadow imp (D:6)
  2 white imps
  An adder skeleton (D:4)
  A worm (D:2)
  10 orcs
  7 bats
  10 endoplasms
  5 giant cockroaches (D:6)
  10 goblins
  5 hobgoblins
  11 jackals
  7 quokkas
  3 ball pythons
  3 frilled lizards
  29 kobolds
  7 rats
210 creatures vanquished.

Vanquished Creatures (collateral kills)
  An orc warrior (D:8)
  A kobold brigand (D:8)
  4 orcs (D:8)
6 creatures vanquished.

Grand Total: 216 creatures vanquished

Notes
Turn   | Place    | Note
-------+----------+-------------------------------------------
     0 | D:1      | robertstho the Octopode Berserker began the quest for the
                  | Orb.
     0 | D:1      | Reached XP level 1. HP: 16/16 MP: 1/1
    65 | D:1      | Found a faded altar of an unknown god.
    84 | D:1      | Found Gehimofe's Antique Weapon Shop.
   405 | D:1      | Reached XP level 2. HP: 21/21 MP: 2/2
   992 | D:1      | Reached XP level 3. HP: 22/26 MP: 3/3
  1590 | D:2      | Noticed Sigmund
  1590 | D:2      | Noticed Jessica
  1602 | D:2      | Killed Sigmund
  1603 | D:2      | Reached skill level 1 in Maces & Flails
  1603 | D:2      | Reached skill level 2 in Stealth
  1603 | D:2      | Reached XP level 4. HP: 33/33 MP: 4/4
  1603 | D:2      | Reached XP level 5. HP: 37/37 MP: 5/5
  1604 | D:2      | Reached ** piety under Trog
  1609 | D:2      | Killed Jessica
  1610 | D:2      | Reached XP level 6. HP: 43/43 MP: 6/6
  2095 | D:2      | Found a burning altar of Makhleb.
  2115 | D:2      | Reached skill level 3 in Stealth
  2273 | D:2      | Found Pohano's Distillery.
  2281 | D:2      | Bought a potion of curing for 33 gold pieces
  2281 | D:2      | Bought a potion of degeneration for 11 gold pieces
  2634 | D:3      | Found an opulent altar of Gozag.
  3019 | D:3      | Found a snail-covered altar of Cheibriados.
  3362 | D:4      | Found Qerrauna's General Store.
  3423 | D:4      | Found Fuont's Antique Weapon Boutique.
  3507 | D:4      | Noticed Eustachio
  3522 | D:4      | Killed Eustachio
  3523 | D:4      | Reached skill level 4 in Stealth
  3523 | D:4      | Reached skill level 1 in Shields
  3523 | D:4      | Reached XP level 7. HP: 29/49 MP: 7/7
  3684 | D:4      | Reached skill level 5 in Stealth
  3890 | D:4      | Found Ysmiot's Antique Armour Emporium.
  3897 | D:4      | Reached skill level 5 in Dodging
  4348 | D:4      | Reached skill level 6 in Stealth
  4399 | D:4      | Found a staircase to the Ecumenical Temple.
  4759 | D:4      | Reached skill level 5 in Fighting
  4759 | D:4      | Reached XP level 8. HP: 52/55 MP: 8/8
  4832 | D:4      | Found an ornate altar of the Wu Jian Council.
  4863 | D:4      | Found Feoch's Magic Scroll Boutique.
  4878 | D:4      | Bought a scroll of identify for 28 gold pieces
  4878 | D:4      | Bought a scroll of identify for 28 gold pieces
  4878 | D:4      | Bought a scroll of identify for 28 gold pieces
  4968 | D:4      | Found Foyj's Book Shoppe.
  5061 | D:4      | Reached *** piety under Trog
  5306 | D:5      | Entered Level 5 of the Dungeon
  5604 | D:5      | Reached skill level 7 in Stealth
  6391 | D:6      | Reached skill level 8 in Stealth
  6392 | D:6      | Found a glowing drain.
  6411 | Sewer    | Entered a sewer
  6731 | Sewer    | Found a white marble altar of Elyvilon.
  7088 | D:6      | Reached **** piety under Trog
  7093 | D:6      | Reached skill level 9 in Stealth
  7170 | D:6      | Found a white marble altar of Elyvilon.
  7224 | D:6      | Reached XP level 9. HP: 61/61 MP: 9/9
  7383 | D:7      | Reached skill level 10 in Stealth
  7749 | D:7      | Reached skill level 11 in Stealth
  7920 | D:7      | Found a flagged portal.
  7934 | Bailey   | Entered a bailey
  7981 | Bailey   | Noticed an orc knight
  8061 | Bailey   | Reached skill level 5 in Short Blades
  8263 | Bailey   | Noticed an orc knight
  8280 | Bailey   | Killed an orc knight
  8281 | Bailey   | Reached XP level 10. HP: 45/69 MP: 10/10
  8287 | Bailey   | Identified the +4 arbalest of Deformation {speed, Stlth+}
  8599 | Bailey   | Killed an orc knight
  9443 | D:7      | Noticed Duvessa
  9444 | D:7      | Noticed Dowan
  9454 | D:7      | Killed Duvessa
  9455 | D:7      | Killed Dowan
  9647 | D:8      | Reached skill level 12 in Stealth
  9873 | D:8      | Noticed a five-headed hydra
  9880 | D:8      | Killed a five-headed hydra
  9894 | D:8      | Found a shimmering altar of Xom.
  9895 | D:8      | Found the +7 mace of Variability {chain chaos}
 11125 | D:9      | Reached skill level 5 in Shields
 11276 | D:9      | Killed from afar by an orc priest

Illustrated notes

Levels and vault maps discovered:
D:1:      matt_arrival_los_fun, layout_loops_ring,
          ebering_ecumenical_altar_rust, serial_shops, nicolae_shop_trees,
          minmay_misc_feat_tiny
D:2:      layout_basic, basic_altar, serial_shops, nicolae_shop_crystal,
          minmay_misc_feat_rugged, minmay_quantized, uniq_jessica, uniq_sigmund
D:3:      layout_loops_ring, slow_altar_1, nicolae_gozag_seed_capital,
          minmay_misc_feat_chi
D:4:      layout_gridville, kennysheep_mini_moat, minmay_temple_entry_glass,
          serial_shops, shop, nicolae_shop_trees, nicolae_shop_trees,
          nicolae_shop_statue_plus, shop, uniq_eustachio
D:5:      layout_basic
D:6:      layout_gridville, elyvilon_altar_1, gup_sewer_entry_pipe
D:7:      layout_basic, enter_bailey_4, uniq_duvessa
D:8:      layout_rooms, minmay_guarded_unrand_variability
D:9:      layout_cave_pods, dpeg_oklobed_lair, minmay_nine_imps

Skill      XL: |  1  2  3  4  5  6  7  8  9 10 |
---------------+-------------------------------+-----
Fighting       | 4 5 6 7 |  7.6
Maces & Flails | 1 2 |  2.1
Dodging        | 4 5 6 7 8 |  8.7
Stealth        | 2 4 6 9 11 12 | 12.4
Shields        | 1 2 3 5 |  5.0
Short Blades   | 4 5 6 |  6.4
Evocations     | |  0.2

Action                   |  1- 3 |  4- 6 |  7- 9 | 10-12 || total
-------------------------+-------+-------+-------+-------++-------
Melee: Short sword       |    51 |       |       |       ||    51
       Constrict         |    12 |    14 |    50 |    30 ||   106
       Tentacles         |    12 |    13 |    60 |    50 ||   135
       Morningstar       |    14 |    12 |       |       ||    26
       Dagger            |       |    48 |   244 |   152 ||   444
Invok: Berserk           |     3 |     2 |    11 |    10 ||    26
       Brothers in Arms  |       |       |     1 |     1 ||     2
       Trog's Hand       |       |       |       |     1 ||     1
Evoke: Wand              |       |       |     3 |       ||     3
  Use: Scroll            |       |       |    11 |     1 ||    12
 Stab: Sleeping          |     3 |     9 |    21 |     3 ||    36
       Distracted        |     1 |       |     3 |     3 ||     7
Armor: Skin              |     9 |     5 |     9 |     4 ||    27
Dodge: Dodged            |    41 |    24 |   118 |    83 ||   266
Block: Kite shield       |    15 |    16 |    97 |    71 ||   199

Table legend: (Time is in decaauts)
 A = Elapsed time spent in this place.
 B = Non-inter-level travel time spent in this place.
 C = Inter-level travel time spent in this place.
 D = Time resting spent in this place.
 E = Time spent auto-exploring this place.
 F = Levels seen in this place.
 G = Mean time per level.
                   A        B        C        D        E       F      G
               +--------+--------+--------+--------+--------+-----+--------+
         Total |  11527 |  11126 |    401 |   2966 |   6466 |  11 | 1047.9 |
       Dungeon |   9878 |   9477 |    401 |   2194 |   5977 |   9 | 1097.6 |
         Sewer |    367 |    367 |      0 |      0 |    303 |   1 |  367.0 |
        Bailey |   1282 |   1282 |      0 |    772 |    186 |   1 | 1282.0 |
               +--------+--------+--------+--------+--------+-----+--------+

Top non-repeatable levels by time:
     D:4: 1927 daAuts
     D:1: 1504 daAuts
  Bailey: 1282 daAuts
     D:2: 1172 daAuts
     D:7: 1144 daAuts
     D:6: 1114 daAuts
     D:8: 831 daAuts
     D:5: 818 daAuts
     D:3: 811 daAuts
     D:9: 552 daAuts
   Sewer: 367 daAuts
